 Dungeon Crawl Stone Soup version 0.31.0 (webtiles) character file.

Game seed: 17852952393463261398

14 leafyfresh the Covert (level 2, -1/29 HPs)
             Began as a Gnoll Delver on Jan 19, 2024.
             Slain by a gnoll
             ... wielding a +0 whip
              (7 damage)
             ... on level 4 of the Dungeon.
             The game lasted 00:01:09 (321 turns).

leafyfresh the Covert (Gnoll Delver)                 Turns: 321, Time: 00:01:09

Health: -1/29      AC:  4    Str: 11    XL:     2   Next: 41%
Magic:  2/2        EV: 13    Int:  9    God:
Gold:   25         SH:  0    Dex: 13    Spells: 1/1 levels left

rFire   . . .        k - +0 dagger (flame)
rCold   . . .        (no shield)
rNeg    . . .        b - +0 leather armour
rPois   .            (no helmet)
rElec   .            (no cloak)
rCorr   .            (no gloves)
SInv    .            l - +0 pair of boots
Will    .....        (no amulet)
Stlth   ++++         (no ring)
HPRegen 0.24/turn    (no ring)
MPRegen 0.08/turn

%: no passive effects
@: no status effects
A: fangs 1, strong nose, distributed training
a: no special abilities


You were on level 4 of the Dungeon.
You visited 1 branch of the dungeon, and saw 2 of its levels.

You collected 25 gold pieces.

Inventory:

Hand Weapons
 a - a +0 short sword
 k - a +0 dagger of flaming (weapon)
Armour
 b - a +0 leather armour (worn)
 l - a +0 pair of boots (worn)
Wands
 g - a wand of digging (3)
Scrolls
 c - a scroll of fog
 d - a scroll of revelation
 e - a scroll of fear
 i - 2 scrolls of immolation {unknown}
 j - a scroll of enchant weapon {unknown}
Potions
 h - a potion of ambrosia {unknown}


   Skills:
 + Level 6.5 Fighting
 + Level 4.5 Short Blades
 + Level 0.4 Long Blades
 + Level 0.4 Axes
 + Level 0.4 Maces & Flails
 + Level 0.4 Polearms
 + Level 0.4 Staves
 + Level 0.4 Ranged Weapons
 + Level 0.4 Throwing
 + Level 0.4 Armour
 + Level 4.5 Dodging
 + Level 9.5 Stealth
 + Level 0.4 Shields
 + Level 0.4 Unarmed Combat
 + Level 0.4 Spellcasting
 + Level 0.2 Conjurations
 + Level 0.2 Hexes
 + Level 0.2 Summonings
 + Level 0.2 Necromancy
 + Level 0.2 Translocations
 + Level 0.2 Fire Magic
 + Level 0.2 Ice Magic
 + Level 0.2 Air Magic
 + Level 0.2 Earth Magic
 + Level 0.2 Alchemy
 + Level 0.5 Invocations
 + Level 0.4 Evocations
 + Level 0.3 Shapeshifting


You had one spell level left.
You didn't know any spells.
Your spell library contained the following spells:

 Spells                   Type           Power      Damage    Failure   Level
 Cigotuvi's Dreadful Rot  Necr/Alch/Air  0%         N/A       56%         2
 Dispel Undead            Necr           0%         3d6       99%         4
 Martyr's Knell           Necr/Summ      0%         N/A       99%         4
 Death Channel            Necr           0%         N/A       100%        6


Dungeon Overview and Level Annotations

Branches:
Dungeon (5/15)
 Temple: D:4-7

Altars:
Fedhas
Gozag
Wu Jian
Yredelemnul


Innate Abilities, Weirdness & Mutations

You have very sharp teeth.
Your uncanny sense of smell can sniff out nearby items.
Your experience applies equally to all skills.


Message History

There is an open door here.
You open the door.
Found a scroll labelled IBOLIFE IVOODE.
There is an open door here.
Found a whip.
Found 13 gold pieces.
Found 5 stones.
You see here a scroll labelled IBOLIFE IVOODE.
i - 2 scrolls labelled IBOLIFE IVOODE (gained 1)
You see here 5 stones.
An orc comes into view. It is wielding a +0 club.
Your extra speed is starting to run out.
The helpless orc fails to defend itself.
You skewer the orc like a kebab!!! You burn the orc.
You kill the orc!
Things that are here:
a +0 club; an orc corpse The gnoll shouts!
The gnoll hits you from afar with a +2 spear of venom!
You are poisoned.
You feel yourself slow down.
You feel very sick.
You feel sick.
You feel sick.
You feel sick.
You hear the brisk hiss of a very distant avalanche of sand.
You feel sick.
You feel sick.
You feel sick.
You feel sick. The gnoll misses you.
You hit the gnoll. You burn the gnoll.
The gnoll is lightly wounded.
The gnoll hits you with a +0 whip.
* * * LOW HITPOINT WARNING * * *
You hit the gnoll. You burn the gnoll.
The gnoll is heavily wounded.
You feel sick.
You are no longer poisoned.
The gnoll hits you with a +0 whip!
You die...

#########
#.......# #####
#.#####.#
#...#####.### #@#
#.#...)....g###g##
#...#####.#...gg..
##.## #.####...##
#.# #.. ...<. #.#
######...## .# #.#
##.## #.# ##.#####
#.# #.# #......#
#.# #.#


You could see 3 gnolls.

Vanquished Creatures
  An adder (D:4)
  An orc (D:4)
  A giant cockroach (D:4)
  A hobgoblin (D:4)
4 creatures vanquished.

Notes
Turn   | Place    | Note
-------+----------+-------------------------------------------
     0 | D:5      | Reached skill level 9 in Stealth
     0 | D:5      | leafyfresh the Gnoll Delver began the quest for the Orb.
     0 | D:5      | Reached XP level 1. HP: 23/23 MP: 1/1
    36 | D:5      | Found an ornate altar of the Wu Jian Council.
    38 | D:5      | Found an opulent altar of Gozag.
    38 | D:5      | Found a basalt altar of Yredelemnul.
    38 | D:5      | Found a blossoming altar of Fedhas.
    38 | D:5      | Noticed a phantom
   235 | D:4      | Reached XP level 2. HP: 23/29 MP: 2/2
   268 | D:4      | Noticed a phantom
   321 | D:4      | Slain by a gnoll

Illustrated notes

Levels and vault maps discovered:
D:4:      layout_loops_corners, gammafunk_temple_overflow_pools,
          mainiacjoe_ossuary_entry_find_the_door
D:5:      layout_basic, nicolae_uskayaw_suspiria, grunt_temple_overflow_open,
          minmay_temple_entry_stoned_glass, gup_sewer_entry_spiral,
          roderic_roman_lattice

Skill      XL: | |
---------------+-+-----
Stealth        | |  9.5
Fighting       | |  6.5
Short Blades   | |  4.5
Long Blades    | |  0.4
Axes           | |  0.4
Maces & Flails | |  0.4
Polearms       | |  0.4
Staves         | |  0.4
Ranged Weapons | |  0.4
Throwing       | |  0.4
Armour         | |  0.4
Dodging        | |  4.5
Shields        | |  0.4
Unarmed Combat | |  0.4
Spellcasting   | |  0.4
Conjurations   | |  0.2
Hexes          | |  0.2
Summonings     | |  0.2
Necromancy     | |  0.2
Translocations | |  0.2
Fire Magic     | |  0.2
Ice Magic      | |  0.2
Air Magic      | |  0.2
Earth Magic    | |  0.2
Alchemy        | |  0.2
Invocations    | |  0.5
Evocations     | |  0.4
Shapeshifting  | |  0.3

Action                     || total
---------------------------++-------
  Melee: Dagger            ||    31
         Short sword       ||     4
         Bite              ||     1
    Use: Potion            ||     1
   Stab: Sleeping          ||     1
 Armour: Leather armour    ||    16
  Dodge: Dodged            ||    23
